 Dungeon Crawl Stone Soup version 0.30.1 (webtiles) character file.

Game seed: 8175287983992523079

195 booth the Digger (level 5, -2/39 HPs)
             Began as a Draconian Earth Elementalist on July 9, 2023.
             Succumbed to a scorpion's poison
             ... on level 4 of the Dungeon.
             The game lasted 00:21:32 (3059 turns).

booth the Digger (Draconian Earth Elementalist)     Turns: 3059, Time: 00:21:32

Health: -2/39      AC:  5    Str: 10    XL:     5   Next: 45%
Magic:  4/9        EV: 12    Int: 18    God:
Gold:   146        SH:  0    Dex: 11    Spells: 3/9 levels left

rFire   . . .        n - +0 hand axe (freeze)
rCold   . . .        (no shield)
rNeg    . . .        (body armour unavailable)
rPois   .            (helmet restricted)
rElec   .            (no cloak)
rCorr   +            (no gloves)
SInv    .            (no boots)
Will    .....        (no amulet)
Stlth   ++           s - ring of resist corrosion
HPRegen 0.26/turn    (no ring)
MPRegen 0.11/turn

%: no passive effects
@: lethally poisoned (-2 -> -17), very slightly contaminated
A: AC +5, unfitting armour, cold-blooded
a: no special abilities


You were on level 4 of the Dungeon.
You visited 1 branch of the dungeon, and saw 4 of its levels.

You collected 192 gold pieces.
You spent 46 gold pieces at shops.

Inventory:

Hand Weapons
 c - a +0 short sword of venom
 k - a +3 dagger of chaos
 n - a +0 hand axe of freezing (weapon)
 p - a +0 mace
Missiles
 b - 4 boomerangs
 f - 9 poisoned darts (quivered)
Jewellery
 s - a ring of resist corrosion (left hand)
 t - a ring of ice
Wands
 o - a wand of mindburst (24)
Scrolls
 m - a scroll of fear
 q - a scroll of acquirement {unknown}
 r - 2 scrolls of silence {unknown}
Potions
 a - a potion of magic
 e - a potion of haste
 g - 2 potions of curing
 h - a potion of heal wounds
 i - a potion of invisibility
 j - a potion of brilliance
 l - a potion of flight {unknown}


   Skills:
 + Level 0.4 Fighting
 + Level 2.7 Dodging
 + Level 2.9 Stealth
 + Level 2.9 Spellcasting
 + Level 2.4 Transmutations
 + Level 3.8 Earth Magic


You had 3 spell levels left.
You knew the following spells:

 Your Spells              Type           Power      Damage    Failure   Level
a - Sandblast             Erth           32%        2d9       3%          1
b - Passwall              Tmut/Erth      10%        N/A       7%          2
c - Stone Arrow           Conj/Erth      18%        3d8       22%         3

Your spell library contained the following spells:

 Spells                   Type           Power      Damage    Failure   Level
 Ensorcelled Hibernation  Hex/Ice        4%         N/A       26%         2
 Swiftness                Air            2%         N/A       45%         3
 Petrify                  Tmut/Erth      13%        N/A       41%         4


Dungeon Overview and Level Annotations

Branches:
Dungeon (4/15)
 Temple: D:4-7

Altars:
Makhleb

Shops:
D:1 (   D:2 ((   D:3 :

Annotations:
D:4 Menkaure


Innate Abilities, Weirdness & Mutations

Your plain brown scales are hard. (AC +5)
You cannot fit into any form of body armour.
You are cold-blooded and may be slowed by cold attacks.


Message History

The scorpion is heavily wounded.
You feel very sick. The scorpion closely misses you.
Casting: Sandblast (safe; 3% risk of failure)
Confirm with . or Enter, or press ? or * to list all spells.
Aiming: Sandblast (safe; 3% risk of failure)
Press: ? - help, Shift-Dir - straight line, f/p - scorpion
Aim: a scorpion (heavily wounded, 82% to hit)
The blast of sand hits the scorpion but does no damage.
The scorpion is heavily wounded.
You feel very sick. The scorpion stings you!
You are more poisoned.
The scorpion poisons you! The scorpion stings you.
You are more poisoned.
The scorpion poisons you!
You hit the scorpion. You freeze the scorpion.
You tail-slap the scorpion, but do no damage.
The scorpion is severely wounded.
* * * LOW HITPOINT WARNING * * *
You feel extremely sick. The scorpion misses you.
The scorpion barely misses you.
Casting: Sandblast (safe; 3% risk of failure)
Confirm with . or Enter, or press ? or * to list all spells.
Aiming: Sandblast (safe; 3% risk of failure)
Press: ? - help, Shift-Dir - straight line, f/p - scorpion
Aim: a scorpion (severely wounded, 82% to hit)
You miscast Sandblast.
You are very lightly contaminated with residual magic.
Nothing appears to happen.
* * * LOW HITPOINT WARNING * * *
You feel very sick. The scorpion closely misses you.
Casting: Sandblast (safe; 3% risk of failure)
Confirm with . or Enter, or press ? or * to list all spells.
Aiming: Sandblast (safe; 3% risk of failure)
Press: ? - help, Shift-Dir - straight line, f/p - scorpion
Aim: a scorpion (severely wounded, 82% to hit)
The blast of sand misses the scorpion.
You die...

#####.## #..#...#
#......#
####......#
#.........#
#.........######
#...........##.##
##..............#
##............@#
###.>..##....s#
#...............#
#...............#
##......##..)##...#
#.†......#...# .##
##...#......#. ..
### ##†.##.#.....S
.
###.###....###...)#
.


You could see a scorpion.

Vanquished Creatures
  An orc priest (D:3)
  Jessica (D:2)
  An iguana (D:4)
  3 adders
  A worm (D:2)
  3 dart slugs
  9 orcs (D:3)
  4 bats
  4 endoplasms
  6 giant cockroaches
  7 hobgoblins
  5 jackals
  4 quokkas
  3 ball pythons
  4 frilled lizards
  4 goblins (D:3)
  5 kobolds
  4 rats
69 creatures vanquished.

Notes
Turn   | Place    | Note
-------+----------+-------------------------------------------
     0 | D:1      | booth the Draconian Earth Elementalist began the quest for
                  | the Orb.
     0 | D:1      | Reached XP level 1. HP: 14/14 MP: 3/3
   190 | D:1      | Reached XP level 2. HP: 20/20 MP: 3/5
   193 | D:1      | Learned a level 2 spell: Passwall
   240 | D:1      | Found Koaqial's Antique Weapon Boutique.
   760 | D:1      | You fall into a shaft and drop 1 floor!
   845 | D:2      | Found Unluosum's Weapon Boutique.
   862 | D:2      | Bought 6 poisoned darts for 46 gold pieces
   914 | D:2      | Noticed Jessica
  1034 | D:2      | Reached XP level 3. HP: 26/26 MP: 2/6
  1342 | D:2      | Found Pouges's Antique Weapon Shop.
  1798 | D:2      | Killed Jessica
  1883 | D:3      | Reached XP level 4. HP: 24/33 MP: 4/7
  2085 | D:3      | Found Ocenont's Book Shop.
  2255 | D:3      | Reached XP level 5. HP: 16/38 MP: 1/9
  2261 | D:3      | Learned a level 3 spell: Stone Arrow
  2396 | D:3      | Identified the +0 robe of Impressiveness {rElec rC++ Str-2
                  | Stlth+}
  2637 | D:3      | Found a faded altar of an unknown god.
  2794 | D:4      | Noticed Menkaure
  2932 | D:4      | Found a burning altar of Makhleb.
  3059 | D:4      | Succumbed to a scorpion's poison

Illustrated notes

Levels and vault maps discovered:
D:1:      dpeg_arrival_round_b, layout_loops_ring, serial_shops,
          nicolae_shop_behind_doors, st_stairs_6
D:2:      layout_loops_ring, serial_shops, shop,
          nicolae_shop_bloodbath_and_beyond, kennysheep_jessica_study
D:3:      layout_loops_cross, hellmonk_ecumenical_altar_inner_sanctum,
          serial_shops, nicolae_book_shop_shelving
D:4:      layout_cave_pools, mainiacjoe_overflow_paths, uniq_menkaure,
          uniq_crazy_yiuf_cottage

Skill      XL: |  1  2  3  4 |
---------------+-------------+-----
Stealth        | 2 |  2.9
Dodging        | 2 |  2.7
Transmutations | 2 |  2.4
Fighting       | |  0.4
Spellcasting   | |  2.9
Earth Magic    | |  3.8

Action                     |  1- 3 |  4- 6 || total
---------------------------+-------+-------++-------
  Melee: Short sword       |    15 |     4 ||    19
         Dagger            |       |    27 ||    27
         Tailslap          |       |     3 ||     3
         Punch             |       |     1 ||     1
         Hand axe          |       |     6 ||     6
  Throw: Dart              |     4 |     5 ||     9
   Cast: Sandblast         |    50 |    50 ||   100
    Use: Scroll            |     6 |     4 ||    10
         Potion            |     2 |       ||     2
 Armour: Skin              |     9 |    10 ||    19
  Dodge: Dodged            |    19 |    38 ||    57
